 Dungeon Crawl Stone Soup version 0.31.0 (webtiles) character file.

Game seed: 6433176934153715991

304 HakonGodeson the Covered (level 6, -5/48 HPs)
             Began as a Human Fighter on Jan 20, 2024.
             Killed by nerve-wracking pain
             ... invoked by Grinder
              (9 damage)
             ... on level 5 of the Dungeon.
             The game lasted 00:08:22 (2012 turns).

HakonGodeson the Covered (Human Fighter)            Turns: 2012, Time: 00:08:23

Health: -5/48      AC:  8    Str: 16    XL:     6   Next: 38%
Magic:  6/6        EV:  9    Int: 11    God:
Gold:   60         SH:  0    Dex: 12    Spells: 5/5 levels left

rFire   . . .        d - +0 halberd
rCold   . . .        (shield currently unavailable)
rNeg    . . .        b - +1 scale mail
rPois   .            (helmet currently unavailable)
rElec   .            (cloak currently unavailable)
rCorr   .            (gloves currently unavailable)
SInv    .            (boots currently unavailable)
Will    .....        (no amulet) Stlth
                     (no ring)
HPRegen 0.28/turn    (no ring)
MPRegen 0.10/turn

%: no passive effects
@: mighty, beast-form, invisible
A: beast (slay +0), explore regen
a: Begin Untransformation


You were on level 5 of the Dungeon.
You were a hulking beast.
You visited 1 branch of the dungeon, and saw 5 of its levels.

You collected 174 gold pieces.
You spent 114 gold pieces at shops.

Inventory:

Hand Weapons
 a - a +1 trident
 d - a +0 halberd (weapon)
Missiles
 g - 5 datura-tipped darts (quivered)
Armour
 b - a +1 scale mail (worn)
 c - a +0 buckler
 n - the +0 robe "Gebaseot" {Str+4}
   (You bought it in a shop on level 4 of the Dungeon)

   Str+4:     It affects your strength (+4).
Talismans
 f - a beast talisman (active)
Wands
 j - a wand of mindburst (8)
Scrolls
 e - a scroll of fog
 i - a scroll of vulnerability
 l - a scroll of amnesia
 m - a scroll of fear
Potions
 h - a potion of attraction


   Skills:
 * Level 3.7 Fighting
 * Level 3.3(3.5) Polearms
 * Level 1.4(2.6) Staves
 * Level 0.9 Throwing
 * Level 4.0 Armour
 * Level 1.2 Dodging
 * Level 1.6 Stealth
 * Level 3.5 Shields
 * Level 0.9 Evocations
 * Level 1.0 Shapeshifting


You had 5 spell levels left.
You didn't know any spells.
Your spell library contained the following spells:

 Spells                   Type           Power      Damage    Failure   Level
 Apportation              Tloc           0%         N/A       77%         1
 Necrotise                Necr           0%         1d4       77%         1
 Sting                    Conj/Alch      0%         1d3       77%         1
 Summon Small Mammal      Summ           0%         N/A       77%         1
 Gell's Gravitas          Tloc           0%         N/A       98%         3
 Teleport Other           Tloc           0%         N/A       98%         3
 Dispersal                Tloc           0%         N/A       100%        6


Dungeon Overview and Level Annotations

Branches:
Dungeon (5/15)
 Temple: D:4-7

Altars:
Cheibriados

Shops:
D:4 [

Annotations:
D:5 Grinder


Innate Abilities, Weirdness & Mutations

You are a hulking beast.
Your limbs bulge with bestial killing power. (Slay +0)
You regain HP and MP as you explore.


Message History

The hound closely misses you.
You puncture the hound!
You kill the hound!
Grinder rolls her eyes.
Grinder hits you!
You writhe in agony.
Grinder gestures at you. Pain shoots through your body!
* * * LOW HITPOINT WARNING * * *
Your Armour skill increases to level 4!
It was a potion of invisibility.
You fade into invisibility!
Grinder hits you but does no damage.
You feel very mighty all of a sudden. Grinder hits you.
* * * LOW HITPOINT WARNING * * *
You closely miss Grinder. Grinder hits you.
* * * LOW HITPOINT WARNING * * *
You slice Grinder!!
Grinder is heavily wounded.
Grinder closely misses you.
You puncture Grinder!
Grinder is severely wounded.
Grinder hits you.
* * * LOW HITPOINT WARNING * * *
Grinder closely misses you.
You hit Grinder.
Grinder is severely wounded.
Grinder gestures at you.
You suddenly lose the ability to move!
Grinder hits you but does no damage.
You can move again.
You hit Grinder.
Grinder is almost dead.
Grinder barely misses you.
You barely miss Grinder.
Grinder is almost dead.
Grinder gestures at you. Pain shoots through your body!
You die...
Grinder sighs, "Dead already?
I want a refund."

###. #.. #.##
... #... #
#.#. #..# .#
#.#.##..#
##.#
#.#.....##...
#.# #......#
#.# #...5..#
#.###..h...#
#.......##.#
#<......#
######.##
$... ..#####
#..#...$$
[>.#.....
###.#.._.$


You could see Grinder (unable to see you).

Vanquished Creatures
  An ogre (D:4)
  A hound (D:5)
  An iguana (D:4)
  2 adders (D:2)
  6 gnolls
  A ribbon worm (D:2)
  4 dart slugs
  An orc (D:4)
  5 endoplasms
  4 giant cockroaches
  3 hobgoblins
  A quokka (D:4)
  2 ball pythons
  2 bats
  A frilled lizard (D:1)
  5 goblins
  2 kobolds (D:1)
  4 rats
46 creatures vanquished.

Vanquished Creatures (collateral kills)
  4 gnolls (D:4)
4 creatures vanquished.

Vanquished Creatures (others)
  A gnoll (D:4)
1 creature vanquished.

Grand Total: 51 creatures vanquished

Notes
Turn   | Place    | Note
-------+----------+-------------------------------------------
     0 | D:1      | HakonGodeson the Human Fighter began the quest for the Orb.
     0 | D:1      | Reached XP level 1. HP: 18/18 MP: 1/1
   171 | D:1      | Reached XP level 2. HP: 19/24 MP: 2/2
   195 | D:1      | You fall into a shaft and drop 1 floor!
   416 | D:2      | Reached XP level 3. HP: 3/29 MP: 3/3
   620 | D:2      | Reached skill level 1 in Stealth
   681 | D:2      | You fall into a shaft and drop 1 floor!
   889 | D:3      | Reached XP level 4. HP: 14/35 MP: 4/4
  1187 | D:4      | Reached skill level 1 in Staves
  1187 | D:4      | Reached XP level 5. HP: 41/41 MP: 5/5
  1632 | D:4      | Found Lunlaw's Antique Armour Shoppe.
  1647 | D:4      | Reached skill level 1 in Dodging
  1693 | D:4      | Bought a scorched robe for 114 gold pieces
  1693 | D:4      | Identified the +0 robe "Gebaseot" {Str+4} (You bought it in
                  | a shop on level 4 of the Dungeon)
  1796 | D:4      | Noticed an ogre
  1799 | D:4      | Killed an ogre
  1800 | D:4      | Reached skill level 1 in Shapeshifting
  1800 | D:4      | Reached XP level 6. HP: 34/48 MP: 6/6
  1974 | D:5      | Entered Level 5 of the Dungeon
  1987 | D:5      | Found a snail-covered altar of Cheibriados.
  1993 | D:5      | Noticed Grinder
  1995 | D:5      | Paralysed by Grinder for 3 turns
  2004 | D:5      | Reached skill level 4 in Armour
  2008 | D:5      | HP: 2/48 [Grinder (5)]
  2009 | D:5      | Paralysed by Grinder for 2 turns
  2012 | D:5      | Killed from afar by Grinder

Illustrated notes

Levels and vault maps discovered:
D:1:      scummos_arrival_star, layout_rooms, serial_bayou_pond_a,
          minmay_misc_feat_cross, kennysheep_decorative_pillar,
          kennysheep_crisscross, due_unseen_surprise
D:2:      layout_rooms, fountainhead, minmay_misc_feat_more_columns,
          minmay_splitting_lines
D:3:      gammafunk_wand_slinger, layout_basic
D:4:      layout_gridville, kennysheep_diamond
D:5:      layout_basic, eat_drink_and_be_merry_uskayaw, amcnicky_altar_gilded,
          serial_shops, shop, uniq_grinder

Skill      XL: |  1  2  3  4  5  6 |
---------------+-------------------+-----
Stealth        | 1 |  1.6
Staves         | 1 |  1.4
Polearms       | 3 |  3.3
Dodging        | 1 |  1.2
Shapeshifting  | 1 |  1.0
Armour         | 4 |  4.0
Fighting       | |  3.7
Throwing       | |  0.9
Shields        | |  3.5
Evocations     | |  0.9

Action                     |  1- 3 |  4- 6 || total
---------------------------+-------+-------++-------
  Melee: Trident           |    93 |     2 ||    95
         Halberd           |       |    44 ||    44
  Throw: Dart              |       |     4 ||     4
  Evoke: Wand              |     1 |     5 ||     6
    Use: Scroll            |     7 |     2 ||     9
         Potion            |     2 |     2 ||     4
 Armour: Scale mail        |    81 |    52 ||   133
  Dodge: Dodged            |    52 |    22 ||    74
  Block: Buckler           |    20 |       ||    20
   Form: Beast             |       |     1 ||     1
